 Dungeon Crawl Stone Soup version 0.18.1-48-g4cf74bf (webtiles) character file.

28713 Necrotakul the Basher (level 13, 0/103 HPs)
             Began as a Mummy Fighter on July 9, 2016.
             Was an Initiate of Gozag.
             Killed from afar by a starcursed mass (13 damage)
             ... with an accursed screaming
             ... on level 2 of the Abyss on July 10, 2016.
             The game lasted 01:28:20 (32796 turns).

Necrotakul the Basher (Mummy Fighter)              Turns: 32796, Time: 01:28:20

Health: 0/103      AC: 16    Str: 29    XL:     13   Next: 11%
Magic:  1/1        EV: 11    Int: 15    God:    Gozag
Gold:   1200       SH: 11    Dex: 15    Spells: 0 memorised, 12 levels left

rFire  x . .     SeeInvis .     x - +6 mace of Dankup {antimagic, MR+ Stlth+}
rCold  + . .     Gourm    .     f - +2 chain mail {rPois}
rNeg   + + +     Faith    +     c - +0 shield
rPois  ∞         Spirit   .     k - +0 helmet
rElec  +         Dismiss  .     (no cloak)
rCorr  .         Reflect  .     e - +0 pair of gloves
SustAt .         Harm     .     (no boots)
MR     ++...                    A - amulet "Vucymy" {Faith rElec MP-9 Str+4 Int+2}
Stlth  ..........               i - +5 ring of intelligence
                                v - +5 ring of strength

@: about to teleport, very resistant to hostile enchantments, extremely
unstealthy
A: no food or potions, fire vulnerability, cold resistance 1, negative energy
resistance 3, torment resistance, unbreathing, in touch with death 1, restore
body
a: Self-Restoration, Potion Petition, Call Merchant, Bribe Branch, Renounce
Religion


You were on level 2 of the Abyss.
You worshipped Gozag.
Gozag was noncommittal.
You were not hungry.

You visited 3 branches of the dungeon, and saw 15 of its levels.
You visited the Abyss 1 time.

You collected 3162 gold pieces.
You paid 1962 gold pieces to Gozag.

Inventory:

Hand Weapons
 x - the +6 mace of Dankup (weapon) {antimagic, MR+ Stlth+}
   (You found it on level 7 of the Dungeon)

   It disrupts the flow of magical energy around spellcasters and certain
   magical creatures (including the wielder).
   It affects your resistance to hostile enchantments.
   It makes you more stealthy.
Missiles
 p - 4 tomahawks (quivered)
 z - 2 steel tomahawks
Armour
 c - a +0 shield (worn)
 e - a +0 pair of gloves (worn)
 f - a +2 chain mail of poison resistance (worn)
 k - a +0 helmet (worn)
Jewellery
 i - a +5 ring of intelligence (right hand)
 v - a +5 ring of strength (left hand)
 A - the amulet "Vucymy" (around neck) {Faith rElec MP-9 Str+4 Int+2}
   (You found it on level 3 of the Lair of Beasts)

   [amulet of faith]

   It allows you to gain divine favour quickly.
   It affects your strength (+4).
   It affects your intelligence (+2).
   It insulates you from electricity.
   It affects your magic capacity (-9).
Wands
 g - a wand of lightning (6/15)
 q - a wand of heal wounds (2/9)
 w - a wand of lightning (0/15)
 B - a wand of teleportation (1/9)
 C - a wand of flame (34/48)
Scrolls
 a - 4 scrolls of summoning
 b - a scroll of fog {unknown}
 d - 8 scrolls of remove curse
 h - 2 scrolls of immolation
 j - 2 scrolls of enchant weapon
 l - 2 scrolls of magic mapping
 m - a scroll of identify
 n - 2 scrolls of amnesia
 s - 3 scrolls of fear
 t - a scroll of random uselessness {unknown}
 u - 2 scrolls of enchant armour {unknown}
Books
 E - a book of Geomancy

   Spells                             Type                      Level
   a - Sandblast                      Earth                        1
   b - Passwall                       Transmutation/Earth          2
   c - Stone Arrow                    Conjuration/Earth            3
   d - Petrify                        Transmutation/Earth          4
   e - Lee's Rapid Deconstruction     Earth                        5


   Skills:
 - Level 10.0 Fighting
 - Level 10.1 Maces & Flails
 - Level 5.0 Throwing
 + Level 9.5 Armour
 - Level 7.4 Dodging
 - Level 6.4 Shields


You had 12 spell levels left.
You didn't know any spells.

Dungeon Overview and Level Annotations

Branches:
Dungeon (8/15)             Temple (1/1) D:6            Lair (6/8) D:8
  Swamp (0/4) Lair:5        Snake (0/4) Lair:3
  Slime: Lair:6-8

Altars:
Ashenzari
Cheibriados
Dithmenos
Elyvilon
Fedhas
Gozag
Kikubaaqudgha
Makhleb
Nemelex Xobeh
Okawaru
Pakellas
Qazlal
Ru
Sif Muna
Trog
Vehumet
Xom
Yredelemnul
Zin
The Shining One

Annotations:
Lair:1 Sonja
Lair:6 Josephine, Maud


Innate Abilities, Weirdness & Mutations

You do not eat or drink.
Your flesh is vulnerable to fire.
You are immune to poison.
Your flesh is cold resistant.
You are immune to negative energy.
You are immune to unholy pain and torment.
You can survive without breathing.
You are in touch with the powers of death.
You can restore your body by infusing magical energy.


Message History

The hell hound breathes flames at you. The blast of flame hits you!
The fire burns you terribly!
* * * LOW HITPOINT WARNING * * *
A starcursed mass splits. x2
A starcursed mass splits.
The hell hound barely misses you.
A deafening chorus of shrieks assaults your mind!
* * * LOW HITPOINT WARNING * * *
You suddenly lose the ability to move!
A starcursed mass splits.
You can move again.
Evoke which item? (* to show all) (? for menu, Esc to quit)
Zapping:
q - a wand of heal wounds (3/9)
Press: ? - help, Shift-Dir - straight line, f - you You feel much better.
This wand has 2 charges left.
The hell hound pauses to sniff the ground.
A cacophony of accursed wailing tears at your sanity!
* * * LOW HITPOINT WARNING * * *
A deafening chorus of shrieks assaults your mind!
You die...
Your body crumbles into a pile of gold.

. ..# .####.
.. # ....###
# ... # .###
..# ... #.
....##.## . #
.....##...###
.#...#
..........#
... #
##.........#
.. # # ..#
#...# ..#
#.###..#@.#
#. .
#....###.##
.. ## .##
#.X.# # ##.
##.X.#
#X3X#..# ..
#XhX#.##
#...X####
##...# ...##


You could see 7 starcursed masses, a chaos spawn and a hell hound.

Vanquished Creatures
  Fannar (Lair:3)
  A hydra (Lair:2)
  Nergalle (Lair:3)
  2 griffons
  6 elephants
  13 black mambas
  9 spiny frogs
  4 torpor snails (Lair:4)
  3 komodo dragons
  The ghost of max the Chopper, an amateur MiBe of Trog (D:4)
  A slime creature (Lair:6)
  12 blink frogs
  2 ynoxinuls (Abyss:2)
  A human (D:7)
  16 yaks
  2 basilisks
  A steam dragon (Lair:2)
  4 hippogriffs
  20 water moccasins
  6 porcupines
  4 ogres
  2 orc warriors (D:8)
  A black bear (Lair:2)
  15 wolves
  An ice beast (D:8)
  9 crocodiles
  A small abomination (Abyss:2)
  3 big kobolds
  15 giant frogs
  A wyvern skeleton (D:7)
  A scorpion (D:8)
  5 wights
  2 howler monkeys
  2 crimson imps
  3 giant frog zombies (D:7)
  A hound (D:6)
  4 giant frog skeletons
  4 orc priests
  A centaur skeleton (D:6)
  10 orc wizards
  11 iguanas
  17 sheep
  A hound zombie (D:7)
  A mummy (D:7)
  2 worker ant zombies
  18 adders
  40 river rats
  A shadow imp (D:5)
  An ooze (D:1)
  2 adder skeletons
  5 worms
  2 dart slugs
  8 giant geckos
  39 orcs
  3 ball pythons
  7 giant cockroaches
  6 goblins
  12 hobgoblins
  16 jackals
  5 quokkas
  9 bats
  4 giant newts
  2 hobgoblin zombies (D:7)
  28 kobolds
  2 orc zombies (D:7)
  6 rats
  A fungus (D:8)
440 creatures vanquished.

Vanquished Creatures (others)
  A centaur (D:5)
  An orc (D:8)
  22 fungi
  8 plants
32 creatures vanquished.

Grand Total: 472 creatures vanquished

Notes
Turn   | Place    | Note
--------------------------------------------------------------
     0 | D:1      | Necrotakul the Mummy Fighter began the quest for the Orb.
     0 | D:1      | Reached XP level 1. HP: 18/18 MP: 1/1
   107 | D:1      | Reached XP level 2. HP: 20/24 MP: 2/2
   354 | D:1      | Reached XP level 3. HP: 29/29 MP: 3/3
  1388 | D:2      | Reached XP level 4. HP: 25/35 MP: 4/4
  2828 | D:3      | Reached XP level 5. HP: 34/41 MP: 5/5
  3632 | D:4      | Noticed max's ghost (amateur MiBe)
  3722 | D:4      | Reached skill level 5 in Maces & Flails
  3995 | D:4      | Noticed an ogre
  4024 | D:5      | Entered Level 5 of the Dungeon
  4180 | D:5      | Reached XP level 6. HP: 29/47 MP: 6/6
  5890 | D:4      | Found a glowing golden altar of the Shining One.
  6147 | D:4      | Reached XP level 7. HP: 24/52 MP: 7/7
  6635 | D:4      | Reached skill level 5 in Armour
  8189 | D:6      | Found a staircase to the Ecumenical Temple.
  8198 | Temple   | Entered the Ecumenical Temple
  8215 | Temple   | Became a worshipper of Gozag Ym Sagoz the Greedy
  8708 | D:5      | Reached XP level 8. HP: 56/58 MP: 8/8
  8804 | D:5      | Reached skill level 5 in Shields
 11853 | D:7      | Got an encrusted mace
 11854 | D:7      | Identified the +6 mace of Dankup {antimagic, MR+ Stlth+} (You found it on level 7 of the Dungeon)
 12531 | D:7      | Reached skill level 5 in Fighting
 13181 | D:8      | Reached XP level 9. HP: 38/69 MP: 3/9
 14520 | D:4      | Killed max's ghost
 15938 | D:8      | Found a shadowy altar of Dithmenos.
 15988 | D:8      | Found a staircase to the Lair.
 16011 | D:8      | Found a bloodstained altar of Trog.
 17571 | Lair:1   | Entered Level 1 of the Lair of Beasts
 17585 | Lair:1   | Noticed Sonja
 17648 | Lair:1   | Noticed a molten gargoyle
 18103 | Lair:2   | Noticed a spiny frog
 18130 | Lair:2   | Killed a spiny frog
 18386 | Lair:2   | Reached XP level 10. HP: 46/79 MP: 3/10
 20121 | Lair:3   | Noticed Fannar
 20971 | Lair:3   | Noticed a spiny frog
 20992 | Lair:3   | Killed a spiny frog
 21075 | Lair:3   | Got a crude garnet amulet
 21086 | Lair:3   | Identified the amulet "Vucymy" {Faith rElec MP-9 Str+4 Int+2} (You found it on level 3 of the Lair of Beasts)
 21202 | Lair:2   | Noticed a spiny frog
 21214 | Lair:2   | Killed a spiny frog
 22169 | Lair:3   | Killed Fannar
 22356 | Lair:3   | Reached skill level 5 in Throwing
 22504 | Lair:3   | Found a staircase to the Snake Pit.
 22505 | Lair:3   | Noticed a black mamba
 22523 | Lair:3   | Killed a black mamba
 22523 | Lair:3   | Reached XP level 11. HP: 50/84 MP: 0/11
 23169 | Lair:3   | Got an iridescent rapier
 23179 | Lair:3   | Noticed Nergalle
 23194 | Lair:3   | Killed Nergalle
 24061 | Lair:3   | Noticed a griffon
 24304 | Lair:3   | Noticed a six-headed hydra
 24575 | Lair:4   | Noticed a griffon
 24691 | Lair:3   | Killed a griffon
 26276 | Lair:4   | Killed a griffon
 26276 | Lair:4   | Reached skill level 10 in Maces & Flails
 26276 | Lair:4   | Reached XP level 12. HP: 89/91 MP: 1/12
 26445 | Lair:4   | Found a snail-covered altar of Cheibriados.
 27494 | Lair:4   | HP: 3/95 [black mamba (12)]
 28070 | Lair:5   | Reached skill level 10 in Fighting
 28259 | Lair:5   | Reached skill level 1 in Dodging
 29408 | Lair:5   | Found a staircase to the Swamp.
 29439 | Lair:5   | Got a crude cloak
 29445 | Lair:5   | Identified the cursed -3 cloak "Zutsiloij" {rElec rC++ rN+ Stlth+} (You found it on level 5 of the Lair of Beasts)
 29519 | Lair:5   | Reached skill level 5 in Dodging
 31420 | Lair:6   | Noticed Josephine
 31421 | Lair:6   | Noticed Maud
 32176 | Lair:3   | Gained mutation: You are in touch with the powers of death. [Mummy growth]
 32176 | Lair:3   | Gained mutation: You can restore your body by infusing magical energy. [Mummy growth]
 32176 | Lair:3   | Reached XP level 13. HP: 95/103 MP: 1/13
 32582 | Lair:1   | Cast into level 2 of the Abyss (Sonja)
 32747 | Abyss:2  | Noticed a starcursed mass
 32784 | Abyss:2  | Noticed a starcursed mass
 32793 | Abyss:2  | HP: 3/103 [starcursed mass/accursed screaming (10)]
 32793 | Abyss:2  | Paralysed by accursed screaming for 1 turns
 32796 | Abyss:2  | Killed from afar by a starcursed mass

Skill      XL: |  1  2  3  4  5  6  7  8  9 10 11 12 13 |
---------------+----------------------------------------+-----
Maces & Flails | 2 3 4 5 10 | 10.1
Armour         | 4 5 7 9 |  9.5
Shields        | 4 6 |  6.4
Fighting       | 5 7 10 | 10.0
Throwing       | 5 |  5.0
Dodging        | 6 7 |  7.4

Action                   |  1- 3 |  4- 6 |  7- 9 | 10-12 | 13-15 || total
-------------------------+-------+-------+-------+-------+-------++-------
Melee: Flail             |   154 |   367 |   287 |       |       ||   808
       Mace              |       |       |   368 |  1230 |   104 ||  1702
Throw: Tomahawk          |       |     4 |    12 |    48 |     6 ||    70
       Javelin           |       |       |     9 |       |       ||     9
Invok: Potion Petition   |       |       |       |     6 |       ||     6
Evoke: Wand              |       |       |     2 |    13 |     4 ||    19
  Use: Scroll            |       |     2 |    13 |    11 |       ||    26
 Stab: Distracted        |       |       |     1 |     3 |       ||     4
Armor: Scale mail        |    84 |   137 |   150 |       |       ||   371
       Chain mail        |       |       |    17 |   536 |    41 ||   594
Dodge: Dodged            |    56 |    95 |   112 |   383 |    52 ||   698
Block: Shield            |    97 |   210 |   442 |   807 |    72 ||  1628
       Reflection        |       |       |    20 |       |       ||    20
